 Dungeon Crawl Stone Soup version 0.26-a0-665-gefeb406119 (webtiles) character file.

Game seed: 9163747444269170904

32 jiml777 the Vexing (level 3, 0/28 HPs)
             Began as a Gnoll Arcane Marksman on Oct 15, 2020.
             Killed from afar by Sigmund (9 damage)
             ... with a magic dart
             ... on level 2 of the Dungeon.
             The game lasted 00:05:03 (959 turns).

jiml777 the Vexing (Gnoll Arcane Marksman)           Turns: 959, Time: 00:05:03

Health: 0/28       AC:  4    Str: 12    XL:     3   Next: 27%
Magic:  7/7        EV: 14    Int: 16    God:
Gold:   60         SH:  0    Dex: 15    Spells: 6/7 levels left

rFire    . . .     SeeInvis .   a - +0 hunting sling
rCold    . . .     Faith    .   (no shield)
rNeg     . . .     Spirit   .   i - +0 leather armour
rPois    .         Reflect  .   (no helmet)
rElec    .         Harm     .   (no cloak)
rCorr    .         Rampage  .   (no gloves)
MR       .....                  n - +0 pair of boots
Stlth    +.........             (no amulet)
HPRegen  0.09/turn              (no ring)
MPRegen  0.10/turn              (no ring)

@: no status effects
A: distributed training, fangs 1, strong nose
a: no special abilities


You were on level 2 of the Dungeon.
You visited 1 branch of the dungeon, and saw 2 of its levels.

You collected 60 gold pieces.

Inventory:

Hand Weapons
 a - a +0 hunting sling (weapon)
Missiles
 d - 10 sling bullets (quivered)
 f - 29 arrows
 k - 57 stones
Armour
 e - a +0 robe
 i - a +0 leather armour (worn)
 n - a +0 pair of boots (worn)
Scrolls
 b - a scroll of random uselessness {unknown}
 c - 2 scrolls of remove curse {unknown}
 h - 2 scrolls of fog {unknown}
 j - a scroll of amnesia {unknown}
 l - a scroll of blinking {unknown}
 m - a scroll of identify {unknown}
Potions
 g - 2 potions of curing {unknown}


   Skills:
 + Level 2.6 Fighting
 + Level 0.7 Short Blades
 + Level 0.7 Long Blades
 + Level 0.7 Axes
 + Level 0.7 Maces & Flails
 + Level 0.7 Polearms
 + Level 0.7 Staves
 + Level 4.5 Slings
 + Level 0.7 Bows
 + Level 0.7 Crossbows
 + Level 0.7 Throwing
 + Level 0.7 Armour
 + Level 4.5 Dodging
 + Level 0.7 Stealth
 + Level 0.7 Shields
 + Level 0.7 Unarmed Combat
 + Level 2.8 Spellcasting
 + Level 0.5 Conjurations
 + Level 5.4 Hexes
 + Level 0.5 Summonings
 + Level 0.5 Necromancy
 + Level 0.5 Translocations
 + Level 0.5 Transmutations
 + Level 0.5 Fire Magic
 + Level 0.5 Ice Magic
 + Level 0.5 Air Magic
 + Level 0.5 Earth Magic
 + Level 0.5 Poison Magic
 + Level 0.9 Invocations
 + Level 0.7 Evocations


You had 6 spell levels left.
You knew the following spells:

 Your Spells              Type           Power        Failure   Level
a - Corona                Hex            ###....      2%          1

Your spell library contained the following spells:

 Spells                   Type           Power        Failure   Level
 Slow                     Hex            ###.....     4%          2
 Inner Flame              Hex/Fire       ##......     22%         3
 Portal Projectile        Hex/Tloc       ##....       22%         3
 Cause Fear               Hex            ###.......   26%         4
 Leda's Liquefaction      Hex/Erth       ##........   56%         4


Dungeon Overview and Level Annotations

Branches:
Dungeon (2/15)

Altars:

Annotations:
D:2 Sigmund


Innate Abilities, Weirdness & Mutations

Your experience applies equally to all skills.
You have very sharp teeth.
Your uncanny sense of smell can sniff out nearby items.


Message History

Sigmund gestures at you while chanting. The magic dart hits you.
* * * LOW HITPOINT WARNING * * *
Firing (i - inventory. (/) - cycle)
d - 11 sling bullets (quivered)
Press: ? - help, Shift-Dir - straight line, f/p - Sigmund
Aim: Sigmund, wielding a +0 scythe and wearing a +0 robe (lightly wounded)
You shoot a sling bullet. The sling bullet barely misses Sigmund.
Sigmund mumbles some strange words.
Sigmund flickers and vanishes!
Deactivating autopickup; reactivate with Ctrl-A.
Found a bubbling sapphire potion.
Found a stone staircase leading up.
Found a leather armour.
You see here a bubbling sapphire potion.
g - 2 bubbling sapphire potions (gained 1)
There is a stone staircase leading up here.
Found a stone staircase leading down.
A magic dart appears from out of thin air!
The magic dart hits you!
You die...

# .# ∆ ..## .....
########### ####+#......
..........# #.[.@.......
..........###{..........
............l.<.........
.......)..###......##+#.
..........# #.........
..........# #..........
..........# #..........
....$###.## ####.......
.....+ .... ......>


You could see a frilled lizard.

Vanquished Creatures
  An adder (D:2)
  2 oozes (D:1)
  A dart slug (D:1)
  2 hobgoblins (D:1)
  A bat (D:1)
  A frilled lizard (D:1)
  2 goblins (D:1)
  6 kobolds
16 creatures vanquished.

Notes
Turn   | Place    | Note
-------+----------+-------------------------------------------
     0 | D:1      | jiml777 the Gnoll Arcane Marksman began the quest for the
                  | Orb.
     0 | D:1      | Reached XP level 1. HP: 17/17 MP: 4/4
   312 | D:1      | Reached XP level 2. HP: 23/23 MP: 5/5
   911 | D:2      | Reached XP level 3. HP: 28/28 MP: 7/7
   938 | D:2      | Noticed Sigmund
   959 | D:2      | Killed from afar by Sigmund

Illustrated notes

Levels and vault maps discovered:
D:1:      saegor_arrival_simple_d, layout_basic
D:2:      layout_basic, lemuel_round_altar, kennysheep_generic_room_2,
          uniq_sigmund, uniq_jessica

Action                   || total
-------------------------++-------
 Fire: Hunting sling     ||    52
Armor: Robe              ||     4
       Leather armour    ||     7
Dodge: Dodged            ||     9

Table legend: (Time is in decaauts)
 A = Elapsed time spent in this place.
 B = Non-inter-level travel time spent in this place.
 C = Inter-level travel time spent in this place.
 D = Time resting spent in this place.
 E = Time spent auto-exploring this place.
 F = Levels seen in this place.
 G = Mean time per level.
                   A        B        C        D        E       F      G
               +--------+--------+--------+--------+--------+-----+--------+
         Total |    958 |    939 |     19 |    130 |    478 |   2 |  479.0 |
       Dungeon |    958 |    939 |     19 |    130 |    478 |   2 |  479.0 |
               +--------+--------+--------+--------+--------+-----+--------+

Top non-repeatable levels by time:
     D:1: 910 daAuts
     D:2: 48 daAuts
